AoeStats
← Comend x comend

Fortress

508305747Analyzed
4v4 RM · 9d ago on Sep 21, 2026· 39m 47s· 8 players
Game mode
Random Map
Map size
Huge
Population
200
Speed
Normal
Resources
Standard
Victory
Conquest
Starting age
Dark Age
Ending age
Imperial Age
RankedLock teamsTeams togetherTeam positionsShared explorationLock speedFull tech treeHidden civsTurbo modeCheats
Victory
Defeat
🇦🇷 Khmer · Argentina
1576
+9
🇦🇷 Italians · Argentina
1461
+13
🇦🇷 Koreans · Argentina
1399
+15
🇦🇷 Mongols · Argentina
1122
+26
🇨🇳 Turks · China
1454
-18
🇪🇸 Hindustanis · Spain
1401
-16
🇵🇪 Turks · Peru
1381
-16
🇺🇾 Chinese · Uruguay
1308
-13
Comend x comend
8:14 Feudal Age
12:39 Castle Age
17:26 Imperial Age
23:23 Loom
MASACRE
7:57 Feudal Age
11:37 Castle Age
9:39 Double-Bit Axe
10:31 Horse Collar
14:28 Bow Saw
15:34 Wheelbarrow
22:12 Grand Trunk Road
22:14 Gold Mining
26:18 Imperial Age
24:11 Scale Barding Armor
24:17 Forging
24:24 Heavy Plow
24:12 Loom
24:14 Town Watch
24:25 Light Cavalry
25:15 Bloodlines
25:06 Husbandry
26:42 Chain Barding Armor
26:58 Iron Casting
27:32 Conscription
26:40 Heavy Camel Rider
28:45 Chemistry
28:52 Plate Barding Armor
28:47 Hussar
30:00 Siege Engineers
30:52 Gold Shaft Mining
31:30 Padded Archer Armor
33:03 Shatagni
35:00 Leather Archer Armor
35:46 Blast Furnace
[LdS]Nestoter
0:36 Loom
7:44 Feudal Age
11:50 Castle Age
9:51 Horse Collar
10:27 Double-Bit Axe
12:13 Town Watch
13:25 Bow Saw
13:36 Heavy Plow
15:36 Wheelbarrow
15:46 Gold Mining
16:35 Hand Cart
18:38 Sanctity
19:40 Fervor
26:59 Imperial Age
24:34 Gold Mining
25:11 Fletching
25:22 Padded Archer Armor
25:45 Ballistics
26:38 Bodkin Arrow
26:40 Murder Holes
27:34 Leather Archer Armor
27:16 Stone Mining
28:22 Bracer
29:24 Chemistry
29:50 Block Printing
32:12 Ring Archer Armor
31:34 Elite Chu Ko Nu
Yucatan_water_supremacy
10:02 Feudal Age
14:02 Castle Age
12:12 Loom
12:26 Double-Bit Axe
12:23 Horse Collar
12:34 Gold Mining
18:18 Imperial Age
16:56 Bow Saw
18:27 Scale Barding Armor
19:47 Chain Barding Armor
22:06 Plate Barding Armor
24:27 Forging
27:55 Wheelbarrow
27:07 Town Watch
31:48 Heavy Plow
34:42 Iron Casting
NOYSIBOY
6:41 Feudal Age
10:29 Castle Age
11:45 Double-Bit Axe
11:41 Horse Collar
18:06 Bow Saw
20:11 Gold Mining
20:25 Heavy Plow
22:05 Wheelbarrow
21:17 Town Watch
21:20 Loom
25:36 Imperial Age
23:16 Fletching
24:34 Bodkin Arrow
24:58 Padded Archer Armor
26:21 Leather Archer Armor
26:12 Husbandry
25:54 Elite Mangudai
26:56 Stone Mining
27:50 Bracer
28:53 Chemistry
28:16 Heavy Camel Rider
29:33 Bloodlines
29:49 Conscription
30:12 Light Cavalry
31:23 Thumb Ring
31:44 Parthian Tactics
32:09 Coinage
34:11 Scale Barding Armor
34:19 Forging
35:28 Capped Ram
38:12 Iron Casting
37:17 Siege Ram
LVA - 厚塔色
8:10 Feudal Age
11:07 Castle Age
8:54 Double-Bit Axe
8:49 Horse Collar
12:04 Bow Saw
12:10 Heavy Plow
14:17 Loom
18:33 Wheelbarrow
17:44 Town Watch
23:19 Imperial Age
21:38 Hand Cart
21:10 Arson
20:49 Pikeman
21:54 Gold Mining
21:57 Stone Mining
22:20 Scale Mail Armor
22:53 Forging
23:30 Chain Mail Armor
23:32 Halberdier
23:48 Capped Ram
26:00 Iron Casting
26:16 Conscription
28:00 Blast Furnace
27:18 Siege Ram
31:11 Bloodlines
31:02 Husbandry
31:40 Husbandry
32:23 Crop Rotation
34:27 Scale Barding Armor
39:58 Chain Barding Armor
39:46 Light Cavalry
LVA - Gleich
7:23 Feudal Age
8:48 Double-Bit Axe
9:41 Fletching
11:54 Castle Age
10:24 Padded Archer Armor
10:41 Horse Collar
12:08 Crossbowman
12:53 Bodkin Arrow
13:10 Bow Saw
17:12 Wheelbarrow
17:19 Ballistics
19:04 Leather Archer Armor
18:57 Thumb Ring
34:52 Loom
35:22 Hand Cart
Coloso MDP
6:14 Loom
8:47 Feudal Age
12:53 Castle Age
11:05 Double-Bit Axe
11:42 Gold Mining
13:00 Scale Barding Armor
14:19 Bow Saw
14:30 Fletching
15:40 Bodkin Arrow
17:29 Ballistics
25:58 Imperial Age
28:25 Chemistry
28:21 Bracer
33:38 Horse Collar
35:00 Two-Man Saw
34:24 Conscription
39:37 Gold Shaft Mining
Connection lost

Rejoining the realm…

Still unreachable

The connection could not be restored.

Session expired

The server has moved on; the page needs a fresh start.